 Dungeon Crawl Stone Soup version 0.30.1-3-gfc49f6343a (webtiles) character file.

Game seed: 12051364854027516641

100 Wiggles the Chopper (level 4, -2/41 HPs)
             Began as a Minotaur Berserker on July 18, 2023.
             Was a Believer of Trog.
             Slain by Grinder (5 damage)
             ... on level 3 of the Dungeon.
             The game lasted 00:03:41 (1652 turns).

Wiggles the Chopper (Minotaur Berserker)            Turns: 1652, Time: 00:03:42

Health: -2/41      AC:  6    Str: 29    XL:     4   Next: 46%
Magic:  3/3        EV: 11    Int:  4    God:    Trog [**....]
Gold:   135        SH:  0    Dex: 10    Spells: 3/3 levels left

rFire   . . .        a - +0 hand axe
rCold   . . .        (no shield)
rNeg    . . .        j - +0 scale mail
rPois   .            (helmet restricted)
rElec   .            (no cloak)
rCorr   .            (no gloves)
SInv    .            (no boots)
Will    .....        (no amulet) Stlth
                     k - +6 ring of strength
HPRegen 0.26/turn    (no ring)
MPRegen 0.08/turn

%: no passive effects
@: no status effects
A: horns 2, retaliatory headbutt
a: Renounce Religion, Berserk, Trog's Hand


You were on level 3 of the Dungeon.
You worshipped Trog.
Trog was pleased with you.
You visited 1 branch of the dungeon, and saw 3 of its levels.

You collected 135 gold pieces.

Inventory:

Hand Weapons
 a - a +0 hand axe (weapon)
Armour
 j - a +0 scale mail (worn)
Jewellery
 k - a +6 ring of strength (left hand)
Wands
 i - a wand of flame (14)
Scrolls
 d - a scroll of teleportation {unknown}
 f - 4 scrolls of magic mapping {unknown}
 g - a scroll of fog {unknown}
 h - a scroll of amnesia {unknown}
 l - a scroll of vulnerability {unknown}
Potions
 b - a potion of degeneration {unknown}
 c - 2 potions of curing {unknown}
 e - a potion of flight {unknown}


   Skills:
 + Level 4.7 Fighting
 + Level 5.0 Axes
 + Level 2.8 Armour
 + Level 2.7 Dodging
 + Level 0.2 Stealth


You had 3 spell levels left.
You didn't know any spells.
Your spell library was empty.

Dungeon Overview and Level Annotations

Branches:
Dungeon (3/15)

Altars:

Annotations:
D:3 Grinder


Innate Abilities, Weirdness & Mutations

You have a pair of horns on your head.
You reflexively headbutt those who attack you in melee.


Message History

You slash Grinder!
Grinder is moderately wounded.
Grinder gestures at you.
You barely resist. You hit Grinder but do no damage.
You headbutt Grinder, but do no damage.
Grinder is moderately wounded.
Grinder blinks!
Grinder closely misses you.
You hit Grinder.
Grinder is moderately wounded.
Grinder blinks!
You see here a hobgoblin corpse.
Grinder blinks!
Grinder barely misses you.
You slash Grinder!
Grinder is heavily wounded.
Grinder blinks!
You see here a hobgoblin corpse.
Grinder gestures at you. Pain shoots through your body!
You see here a hobgoblin corpse.
You closely miss Grinder.
Grinder is heavily wounded.
Grinder gestures at you. Pain shoots through your body!
You closely miss Grinder.
Grinder is heavily wounded.
Grinder hits you.
You writhe in agony.
You hit Grinder.
Grinder is heavily wounded.
Grinder blinks!
Grinder says, "There's only one good use for a tongue: cutting it out."
Grinder hits you!
* * * LOW HITPOINT WARNING * * *
You writhe in agony.
* * * LOW HITPOINT WARNING * * *
You closely miss Grinder.
Grinder is heavily wounded.
Grinder hits you.
You die...

.. ..#.. ...
..#.. .... ......
....##### ......
.....##<#
......######....#
#.............#
..#........####.#
............5@..#
........#+#######
.........
..........
...........
............
.............
....###.#.####


You could see Grinder.

Vanquished Creatures
  Terence (D:2)
  An adder (D:2)
  2 worms
  2 dart slugs (D:1)
  3 endoplasms (D:1)
  3 giant cockroaches
  5 goblins
  5 hobgoblins
  6 jackals
  A quokka (D:1)
  5 ball pythons
  4 bats
  3 frilled lizards (D:2)
  6 kobolds
  2 rats (D:1)
49 creatures vanquished.

Notes
Turn   | Place    | Note
-------+----------+-------------------------------------------
     0 | D:1      | Wiggles the Minotaur Berserker began the quest for the Orb.
     0 | D:1      | Reached XP level 1. HP: 19/19 MP: 0/0
   155 | D:1      | Reached XP level 2. HP: 27/27 MP: 1/1
   197 | D:1      | Reached skill level 4 in Axes
   551 | D:1      | Reached XP level 3. HP: 33/33 MP: 2/2
   948 | D:2      | Reached ** piety under Trog
   969 | D:2      | Noticed Terence
   978 | D:2      | Killed Terence
   979 | D:2      | Reached XP level 4. HP: 40/41 MP: 3/3
  1030 | D:2      | Found a faded altar of an unknown god.
  1621 | D:3      | Reached skill level 5 in Axes
  1621 | D:3      | Noticed Grinder
  1652 | D:3      | Slain by Grinder

Illustrated notes

Levels and vault maps discovered:
D:1:      kilobyte_arrival_exit_the_forest, layout_basic, st_stairs_3,
          minmay_misc_feat_hallway
D:2:      layout_loops_cross, ebering_ecumenical_altar_mist,
          wander_ebering_terrifying_dragon_lair, uniq_terence
D:3:      layout_basic, uniq_grinder

Skill      XL: |  1  2  3  4 |
---------------+-------------+-----
Fighting       | 4 |  4.7
Axes           | 4 5 |  5.0
Armour         | |  2.8
Dodging        | |  2.7
Stealth        | |  0.2

Action                     |  1- 3 |  4- 6 || total
---------------------------+-------+-------++-------
  Melee: Hand axe          |    70 |    36 ||   106
         Headbutt          |     8 |     7 ||    15
         Punch             |     1 |       ||     1
 Invoke: Berserk           |     2 |       ||     2
 Armour: Animal skin       |     5 |       ||     5
         Ring mail         |    18 |       ||    18
         Scale mail        |       |    15 ||    15
  Dodge: Dodged            |    42 |    25 ||    67
